 Dungeon Crawl Stone Soup version 0.18-a0-1418-ga86aa8f (webtiles) character file.

704 Kilingo the Shooter (level 7, 0/52 HPs)
             Began as a Centaur Arcane Marksman on Feb 25, 2016.
             Was a Follower of Okawaru.
             Succumbed to a centaur's poison
             ... on level 4 of the Dungeon on Feb 26, 2016.
             The game lasted 01:41:13 (6270 turns).

Kilingo the Shooter (Centaur Arcane Marksman)       Turns: 6270, Time: 01:41:13

Health: 0/52       AC:  8    Str: 14    XL:     7   Next: 39%
Magic:  11/11      EV:  8    Int: 12    God:    Okawaru [*.....]
Gold:   216        SH:  0    Dex: 15    Spells: 2 memorised, 8 levels left

rFire  . . .     SeeInvis .     a - +0 shortbow
rCold  . . .     Gourm    .     e - +0 scale mail
rNeg   . . .     Faith    .     (shield currently unavailable)
rPois  .         Spirit   .     f - +0 helmet
rElec  .         Dismiss  .     (no cloak)
rCorr  .         Reflect  .     b - +0 pair of gloves
SustAt .         Harm     .     (no barding)
MR     .....                    t - amulet of regeneration
Stlth  ..........               (no ring)
                                q - +5 ring of dexterity

@: lethally poisoned (0 -> -7), very quick, not resistant to hostile
enchantments, extremely unstealthy
A: hooves 3, deformed body, speed 2, tough skin 3
a: Heroism, Renounce Religion


You were on level 4 of the Dungeon.
You worshipped Okawaru.
Okawaru was aware of your devotion.
You were not hungry.

You visited 2 branches of the dungeon, and saw 6 of its levels.

You collected 216 gold pieces.

Inventory:

Hand Weapons
 a - a +0 shortbow (weapon)
 j - a +2 dagger of electrocution
 k - a +0 hunting sling
 o - a +0 whip of draining
Missiles
 E - a poisoned arrow (quivered)
Armour
 b - a +0 pair of gloves (worn)
 e - a +0 scale mail (worn)
 f - a +0 helmet (worn)
 l - a +0 ring mail
 m - a +0 helmet
 w - a +0 leather armour
Magical Staves
 y - an uncursed staff of fire
Jewellery
 q - a +5 ring of dexterity (left hand)
 t - an amulet of regeneration (around neck)
 x - an uncursed ring of ice
Scrolls
 n - a scroll of recharging
 p - 2 scrolls of remove curse
 r - 4 scrolls of magic mapping
 u - a scroll of enchant armour {unknown}
 B - a scroll of fog {unknown}
Potions
 d - a potion of haste {unknown}
 g - a potion of curing
 i - a potion of degeneration {unknown}
 z - a potion of flight {unknown}
 D - a potion of cancellation {unknown}
Books
 c - a book of Debilitation

   Spells                             Type                      Level
   a - Corona                         Hexes                        1
   b - Slow                           Hexes                        2
   c - Gell's Gravitas                Hexes/Translocation          3
   d - Inner Flame                    Hexes/Fire                   3
   e - Cause Fear                     Hexes                        4
   f - Leda's Liquefaction            Hexes/Earth                  4
Comestibles
 h - 2 beef jerkies
 s - a meat ration
 v - 4 chunks of flesh
 A - a royal jelly
 C - a bread ration


   Skills:
 + Level 1.6 Fighting
 + Level 0.6 Short Blades
 + Level 0.1 Maces & Flails
 + Level 0.2 Slings
 + Level 5.3 Bows
 + Level 2.1 Armour
 + Level 2.9 Dodging
 - Level 0.1 Stealth
 + Level 2.7 Spellcasting
 + Level 4.3 Hexes


You had 8 spell levels left.
You knew the following spells:

 Your Spells              Type           Power        Failure   Level  Hunger
a - Corona                Hex            ##.....      17%         1    #......
b - Slow                  Hex            ##......     28%         2    ###....


Dungeon Overview and Level Annotations

Branches:
Dungeon (5/15)             Temple (1/1) D:4

Altars:
Ashenzari
Cheibriados
Dithmenos
Elyvilon
Fedhas
Kikubaaqudgha
Makhleb
Okawaru
Pakellas
Ru
Sif Muna
Trog
Vehumet
Xom
Yredelemnul
The Shining One


Innate Abilities, Weirdness & Mutations

You have hooves in place of feet.
Armour fits poorly on your strangely shaped body.
You cover ground very quickly.
You have extremely tough skin (AC +3).


Message History

You see here a poisoned arrow.
* * * LOW HITPOINT WARNING * * *
You feel very sick.
Drink which item? (? for menu, Esc to quit)
It was a potion of curing.
You feel better.
The centaur shoots a poisoned arrow.
The poisoned arrow misses you.
The centaur shoots a poisoned arrow.
The poisoned arrow barely misses you.
You feel like a meek peon again.
The centaur shoots a poisoned arrow.
The poisoned arrow hits you!
* * * LOW HITPOINT WARNING * * *
You are poisoned.
You see here a poisoned arrow.
You feel sick.
There is a stone staircase leading up here.
You feel sick.
The centaur shoots a poisoned arrow.
The poisoned arrow hits you!
* * * LOW HITPOINT WARNING * * *
You are lethally poisoned!
You climb upwards.
You die...

###
#.######..##############.#
..# #.# #..# #.# ยง.# #.#
#..# #.# ..# #.# #<.# #.#
..# #.# #..# #.# ..# #.#
#..# #[# ### #.# #..# #)#
#.# #..##############.#
#######.#
#..@............).#
........#
#..################
######### #..#
....##########..#
###.#...........#
#.............#
###.########### #####.#
.'_'..#


There were no monsters in sight!

Vanquished Creatures
  A sky beast (D:5)
  An ogre (D:4)
  A giant frog (D:2)
  2 scorpions (D:4)
  2 hounds (D:5)
  A centaur skeleton (D:5)
  2 iguanas
  2 worker ants (D:4)
  6 adders
  An ooze (D:2)
  4 worms
  2 dart slugs
  6 giant geckos
  6 orcs
  4 giant cockroaches
  10 hobgoblins
  4 jackals (D:5)
  4 quokkas
  A ball python (D:1)
  4 bats
  5 giant newts
  12 goblins
  A jackal skeleton (D:4)
  7 kobolds
  7 rats
96 creatures vanquished.

Notes
Turn   | Place    | Note
--------------------------------------------------------------
     0 | D:1      | Kilingo the Centaur Arcane Marksman began the quest for the Orb.
     0 | D:1      | Reached XP level 1. HP: 16/16 MP: 2/2
   404 | D:1      | Reached XP level 2. HP: 18/23 MP: 1/3
   414 | D:1      | Learned a level 2 spell: Slow
   430 | D:1      | Reached skill level 3 in Bows
  1068 | D:2      | Reached XP level 3. HP: 20/28 MP: 1/4
  1491 | D:2      | Found a shimmering altar of Xom.
  1492 | D:2      | Found a shimmering altar of Xom.
  1493 | D:2      | Found a shimmering altar of Xom.
  1494 | D:2      | Found a shimmering altar of Xom.
  1504 | D:2      | Found a shimmering altar of Xom.
  1504 | D:2      | Found a shimmering altar of Xom.
  1505 | D:2      | Found a shimmering altar of Xom.
  1828 | D:2      | Reached skill level 4 in Bows
  2138 | D:2      | Reached XP level 4. HP: 30/35 MP: 6/6
  2585 | D:3      | Noticed a giant frog
  2872 | D:2      | Killed a giant frog
  2872 | D:2      | Reached XP level 5. HP: 25/40 MP: 1/7
  3589 | D:3      | Upgraded the game from 0.18-a0-1413-g4eaa9ac to 0.18-a0-1418-ga86aa8f
  3851 | D:4      | Found a staircase to the Ecumenical Temple.
  3914 | D:4      | Noticed a phantom
  3918 | Temple   | Entered the Ecumenical Temple
  4102 | Temple   | Became a worshipper of Warmaster Okawaru
  4235 | D:4      | Found an oddly glowing altar of Pakellas.
  4245 | D:4      | Reached skill level 5 in Bows
  4245 | D:4      | Reached XP level 6. HP: 37/47 MP: 6/8
  4405 | D:4      | Found a shattered altar of Ashenzari.
  4911 | D:4      | Reached skill level 1 in Armour
  5268 | D:4      | Found a radiant altar of Vehumet.
  5268 | D:4      | Found a blossoming altar of Fedhas.
  5779 | D:4      | Reached * piety under Okawaru
  5826 | D:5      | Entered Level 5 of the Dungeon
  5826 | D:5      | Noticed a sky beast
  5894 | D:5      | Reached XP level 7. HP: 37/52 MP: 10/10
  6181 | D:5      | Found a glowing golden altar of the Shining One.
  6245 | D:5      | HP: 2/52 [poisoned by a centaur]
  6269 | D:5      | HP: 2/52 [centaur/poisoned arrow (7)]
  6270 | D:4      | Succumbed to a centaur's poison

Vault maps used:
D:1:      dpeg_arrival_rooms_c
D:2:      xom_redecorated, minmay_cut_off
D:3:      hex_large
D:4:      kennysheep_big_flooded_room, kennysheep_mini, lemuel_round_altar,
          gammafunk_temple_overflow_statue, minmay_temple_entry_purple_smoke,
          first_bread, grunt_ministairs_9
D:5:      tso_altar, bloody_trog
Temple:   roderic_octagonal_lattice_temple

Skill      XL: |  1  2  3  4  5  6  7 |
---------------+----------------------+-----
Hexes          | 3 4 |  4.3
Bows           | 3 4 5 |  5.3
Dodging        | 2 |  2.9
Armour         | 1 2 |  2.1
Spellcasting   | 2 |  2.7
Fighting       | |  1.6
Short Blades   | |  0.6
Maces & Flails | |  0.1
Slings         | |  0.2
Stealth        | |  0.1

Action                   |  1- 3 |  4- 6 |  7- 9 || total
-------------------------+-------+-------+-------++-------
Melee: Shortbow          |     6 |       |       ||     6
       Unarmed           |     9 |       |       ||     9
       Dagger            |    11 |   141 |    37 ||   189
       Whip              |     2 |    13 |    21 ||    36
       Staff             |       |     7 |       ||     7
 Fire: Shortbow          |   167 |    76 |       ||   243
       Hunting sling     |       |    16 |       ||    16
 Cast: Corona            |    15 |    58 |     8 ||    81
       Slow              |    17 |    18 |       ||    35
Invok: Heroism           |       |       |     1 ||     1
  Use: Scroll            |       |     7 |     1 ||     8
       Potion            |       |     1 |     1 ||     2
  Eat: Chunk             |     4 |     5 |       ||     9
       Bread ration      |       |     2 |       ||     2
       Beef jerky        |       |     1 |       ||     1
